 Dungeon Crawl Stone Soup version 0.29-a0-495-g17b79114eb (webtiles) character file.

Game seed: 4635385850227252482

22 xian the Skirmisher (level 2, -2/24 HPs)
             Began as a Demonspawn Chaos Knight on May 28, 2022.
             Was a Plaything of Xom.
             Slain by a worm (9 damage)
             ... on level 2 of the Dungeon.
             The game lasted 00:02:53 (1253 turns).

xian the Skirmisher (Demonspawn Chaos Knight)       Turns: 1253, Time: 00:02:53

Health: -2/24      AC:  6    Str: 12    XL:     2   Next: 68%
Magic:  2/2        EV: 10    Int: 13    God:    Xom [*.....]
Gold:   79         SH:  3    Dex: 12    Spells: 1/1 levels left

rFire   . . .      SeeInvis .   a - +0 falchion (chaos)
rCold   . . .      Faith    +   i - +0 buckler
rNeg    . . .      Spirit   .   b - +2 leather armour
rPois   .          Reflect  .   (no helmet)
rElec   .          Harm     .   h - +0 cloak
rCorr   .          Rampage  .   (no gloves)
Will    .....                   (no boots)
Stlth   +.........              f - amulet of faith
HPRegen 0.08/turn               (no ring)
MPRegen 0.16/turn               (no ring)

@: no status effects
A: magic regeneration
a: Renounce Religion


You were on level 2 of the Dungeon.
You worshipped Xom.
You were a special plaything of Xom.
You visited 1 branch of the dungeon, and saw 2 of its levels.

You collected 79 gold pieces.

Inventory:

Hand Weapons
 a - a +0 falchion of chaos (weapon)
Missiles
 j - 2 atropa-tipped darts
Armour
 b - a +2 leather armour (worn)
 h - a +0 cloak (worn)
 i - a +0 buckler (worn)
Jewellery
 f - an amulet of faith (around neck)
Scrolls
 g - a scroll of acquirement {unknown}
Potions
 e - a potion of attraction {unknown}
Miscellaneous
 c - a piece from Xom's chessboard (13/15) (quivered)


   Skills:
 + Level 3.2 Fighting
 + Level 3.2 Long Blades
 + Level 1.9 Armour
 + Level 1.1 Dodging
 + Level 0.2 Evocations


You had one spell level left.
You didn't know any spells.
Your spell library was empty.

Dungeon Overview and Level Annotations

Branches:
Dungeon (2/15)

Altars:


Innate Abilities, Weirdness & Mutations

You regenerate magic rapidly.


Message History

You see here a jackal corpse.
You hit the jackal but do no damage. Lightning courses through the jackal!
You kill the jackal!
You now have 79 gold pieces (gained 10).
Found a leather armour.
d - 3 potions of degeneration (gained 1)
Found 2 atropa-tipped darts.
An endoplasm comes into view.
The endoplasm quivers.
You see here 14 gold pieces.
Found a stone staircase leading down.
You see here 2 atropa-tipped darts.
The endoplasm hits you.
You hit the endoplasm but do no damage.
The endoplasm hits you but does no damage.
You slash the endoplasm!
You kill the endoplasm!
Found a pair of gloves.
You see here 2 atropa-tipped darts.
j - 2 atropa-tipped darts You drop 3 potions of degeneration.
A worm comes into view.
You hit the worm.
The worm resists with some effort.
The worm is lightly wounded.
The worm bites you.
You hit the worm. You freeze the worm.
The worm is moderately wounded.
You barely miss the worm.
The worm is moderately wounded.
The worm bites you.
You hit the worm. You burn the worm.
The worm is severely wounded.
The worm bites you.
* * * LOW HITPOINT WARNING * * *
You hit the worm.
The worm is severely wounded.
You hit the worm but do no damage.
The worm flickers and vanishes!
Deactivating autopickup; reactivate with Ctrl-A.
Something bites you!
You die...

..# ####.# ..#.###
...>.# #
.#####....#.#
.[..........# .#
#....# .# ##{#.# .#
### #@# # .. ..#
#.# .# #.# #!# .#
#.# #.# .######
#.######$# ......#
#........# .####.#
#†.#######.
.####.###†........[
...................


There were no monsters in sight!

Vanquished Creatures
  2 endoplasms
  A goblin (D:1)
  2 hobgoblins (D:1)
  4 jackals (D:2)
  4 kobolds (D:1)
  3 ball pythons (D:1)
  2 bats (D:1)
  2 rats
20 creatures vanquished.

Notes
Turn   | Place    | Note
-------+----------+-------------------------------------------
     0 | D:1      | xian the Demonspawn Chaos Knight began the quest for the
                  | Orb.
     0 | D:1      | Reached XP level 1. HP: 18/18 MP: 1/1
    74 | D:1      | Reached skill level 1 in Dodging
   180 | D:1      | XOM: silly message
   222 | D:1      | XOM: silly message
   280 | D:1      | Found a faded altar of an unknown god.
   319 | D:1      | XOM: silly message
   413 | D:1      | XOM: silly message
   417 | D:1      | Gained mutation: You regenerate magic rapidly. [demonic
                  | ancestry]
   417 | D:1      | Reached XP level 2. HP: 12/24 MP: 2/2
   433 | D:1      | XOM: silly message
   474 | D:1      | XOM: silly message
   808 | D:1      | XOM: noise
  1105 | D:1      | XOM: summons 3 hostile shadow creatures
  1253 | D:2      | Slain by a worm

Illustrated notes

Levels and vault maps discovered:
D:1:      dpeg_arrival_rhombi, layout_basic, basic_ecumenical_altar,
          minmay_tree_intersection
D:2:      layout_loops_ring, basic_altar, uniq_sigmund

Skill      XL: |  1 |
---------------+----+-----
Dodging        | 1 |  1.1
Long Blades    | 3 |  3.2
Fighting       | |  3.2
Armour         | |  1.9
Evocations     | |  0.2

Action                   || total
-------------------------++-------
Melee: Falchion          ||    55
Evoke: Piece from Xom's  ||     3
  Use: Scroll            ||     1
Armor: Leather armour    ||    23
Dodge: Dodged            ||    30

Table legend: (Time is in decaauts)
 A = Elapsed time spent in this place.
 B = Non-inter-level travel time spent in this place.
 C = Inter-level travel time spent in this place.
 D = Time resting spent in this place.
 E = Time spent auto-exploring this place.
 F = Levels seen in this place.
 G = Mean time per level.
                   A        B        C        D        E       F      G
               +--------+--------+--------+--------+--------+-----+--------+
         Total |   1262 |   1224 |     38 |      0 |    963 |   2 |  631.0 |
       Dungeon |   1262 |   1224 |     38 |      0 |    963 |   2 |  631.0 |
               +--------+--------+--------+--------+--------+-----+--------+

Top non-repeatable levels by time:
     D:1: 1180 daAuts
     D:2: 82 daAuts
